 Dungeon Crawl Stone Soup version 0.30-a0-953-g5f1da4a474 (webtiles) character file.

Game seed: 6101471600922439072

464 Jeffwins the Changer (level 7, -3/49 HPs)
             Began as a Human Wanderer on Mar 29, 2023.
             Slain by an ogre
             ... wielding a +0 giant club
              (33 damage)
             ... on level 5 of the Dungeon.
             The game lasted 00:06:32 (3694 turns).

Jeffwins the Changer (Human Wanderer)               Turns: 3694, Time: 00:06:33

Health: -3/49      AC:  5    Str: 11    XL:     7   Next: 29%
Magic:  0/11       EV: 12    Int: 24    God:
Gold:   168        SH:  0    Dex: 16    Spells: 7/12 levels left

rFire   . . .      SeeInvis .    a - +0 shortbow
rCold   . . .      Faith    .    (shield currently unavailable)
rNeg    . . .      Spirit   .    d - +0 leather armour
rPois   +          Reflect  .    (no helmet)
rElec   .          Rampage  .    v - +0 cloak
rCorr   .                        l - +0 pair of gloves
Will    .....                    (no boots)
Stlth   ++                       (no amulet)
HPRegen 0.28/turn                X - +6 ring of dexterity
MPRegen 0.12/turn                h - ring of Jemudor {rPois Int+6}

@: no status effects
A: no striking features
a: no special abilities


You were on level 5 of the Dungeon.
You visited 1 branch of the dungeon, and saw 5 of its levels.

You collected 168 gold pieces.


   Skills:
 + Level 1.8 Fighting
 * Level 2.3 Ranged Weapons
 + Level 1.2 Throwing
 - Level 2.0 Armour
 - Level 2.0 Dodging
 + Level 1.6 Stealth
 * Level 3.1 Spellcasting
 * Level 3.4 Transmutations
 * Level 2.8 Ice Magic
 * Level 2.7 Poison Magic
 + Level 0.3 Evocations


You had 7 spell levels left.
You knew the following spells:

 Your Spells              Type           Power      Damage    Failure   Level
c - Frozen Ramparts       Ice            34%        1d6       13%         3
x - Sting                 Tmut/Pois      72%        1d6       4%          1
z - Freeze                Ice            68%        1d8       4%          1

Your spell library contained the following spells:

 Spells                   Type           Power      Damage    Failure   Level
 Beastly Appendage        Tmut           40%        N/A       3%          1
 Wereblood                Tmut           20%        N/A       4%          2
 Ozocubu's Armour         Ice            17%        N/A       13%         3
 Petrify                  Tmut/Erth      12%        N/A       56%         4
 Metabolic Englaciation   Hex/Ice        5%         N/A       91%         5
 Statue Form              Tmut/Erth      8%         N/A       100%        6
 Ozocubu's Refrigeration  Ice            8%         4d9       100%        7

Inventory:

Hand Weapons
 a - a +0 shortbow (weapon)
 i - a +2 dagger of holy wrath
Missiles
 q - 9 poisoned darts
Armour
 d - a +0 leather armour (worn)
 l - a +0 pair of gloves (worn)
 v - a +0 cloak (worn)
Jewellery
 h - the ring of Jemudor (right hand) {rPois Int+6}
   (You acquired it on level 4 of the Dungeon)

   [ring of intelligence]

   Int:       It affects your intelligence (+6).
   rPois:     It protects you from poison.
 F - a ring of protection from fire
 X - a +6 ring of dexterity (left hand)
Wands
 w - a wand of flame (23)
Scrolls
 b - a scroll of blinking
 c - 2 scrolls of amnesia
 e - 3 scrolls of noise {unknown}
 f - a scroll of silence {!r}
 j - 2 scrolls of magic mapping
 m - 2 scrolls of teleportation {unknown}
 o - a scroll of brand weapon
 t - 2 scrolls of fear {unknown}
Potions
 g - a potion of might {unknown}
 k - a potion of attraction {unknown}
 n - a potion of cancellation {unknown}
 p - 3 potions of curing {unknown}
 r - 3 potions of flight {unknown}
 s - 2 potions of degeneration {unknown}
 u - a potion of ambrosia {unknown}

Dungeon Overview and Level Annotations

Branches:
Dungeon (5/15)
 Temple: D:4-7

Altars:
Cheibriados

#....+.....#..
#....#.....#.[
#....####...†.
#..........### ....
#..........# .....
#..........# ....
#..........#
....########..........###
#.....@O...............
#......................
#.......÷..............
####......................
#.......######'######'####
#.......# #...# #......
#..<....# #...# #......
#....<..# #...# #......
#.......# #.### #######


You could see an ogre.


Message History

The ogre is severely wounded.
The frozen ramparts melt away.
The ogre barely misses you.
Unknown command.
Casting: Freeze (safe; 4% risk of failure)
Confirm with . or Enter, or press ? or * to list all spells.
Aiming: Freeze (safe; 4% risk of failure)
Press: ? - help, Shift-Dir - straight line, f/p - ogre
Aim: an ogre, wielding a +0 giant club (severely wounded)
You freeze the ogre.
The ogre is severely wounded.
The ogre hits you but does no damage.
Unknown command.
Casting: Freeze (safe; 4% risk of failure)
Confirm with . or Enter, or press ? or * to list all spells.
Aiming: Freeze (safe; 4% risk of failure)
Press: ? - help, Shift-Dir - straight line, f/p - ogre
Aim: an ogre, wielding a +0 giant club (severely wounded)
You freeze the ogre.
The ogre is severely wounded.
Unknown command.
Casting: Freeze (safe; 4% risk of failure)
Confirm with . or Enter, or press ? or * to list all spells.
Aiming: Freeze (safe; 4% risk of failure)
Press: ? - help, Shift-Dir - straight line, f/p - ogre
Aim: an ogre, wielding a +0 giant club (severely wounded)
You freeze the ogre.
The ogre is almost dead.
The ogre hits you with a +0 giant club!!
Ouch! That really hurt!
You die...

Skill      XL: |  1  2  3  4  5  6 |
---------------+-------------------+-----
Poison Magic   | 1 2 |  2.7
Ranged Weapons | 1 2 |  2.3
Stealth        | 1 |  1.6
Ice Magic      | 2 |  2.8
Transmutations | 3 |  3.4
Throwing       | 1 |  1.2
Spellcasting   | 3 |  3.1
Fighting       | |  1.8
Armour         | |  2.0
Dodging        | |  2.0
Evocations     | |  0.3

Action                     |  1- 3 |  4- 6 |  7- 9 || total
---------------------------+-------+-------+-------++-------
   Fire: Sling             |    75 |    20 |       ||    95
         Shortbow          |       |    79 |     1 ||    80
   Cast: Freeze            |     8 |    26 |     7 ||    41
         Sting             |     7 |    29 |     2 ||    38
         Frozen Ramparts   |       |     2 |     1 ||     3
  Evoke: Wand              |       |       |     1 ||     1
    Use: Potion            |       |     2 |       ||     2
         Scroll            |       |     6 |       ||     6
 Armour: Leather armour    |    11 |    33 |     1 ||    45
  Dodge: Dodged            |    21 |    72 |     2 ||    95

Levels and vault maps discovered:
D:1:      dpeg_arrival_central, layout_loops_ring,
          dreamdust_ecumenical_altar_angels_and_demons
D:2:      layout_basic, basic_altar, kennysheep_generic_room_11
D:3:      layout_basic
D:4:      layout_cave_pools
D:5:      layout_gridville, grunt_ministairs_13, uniq_crazy_yiuf_cottage

Notes
Turn   | Place    | Note
-------+----------+-------------------------------------------
     0 | D:1      | Jeffwins the Human Wanderer began the quest for the Orb.
     0 | D:1      | Jeffwins set off with the following items: a +0 club, a
                  | scroll of blinking, a +0 ring mail; and the following
                  | spells available to memorise: Beastly Appendage, Freeze,
                  | Sting, Wereblood, Frozen Ramparts.
     0 | D:1      | Reached XP level 1. HP: 15/15 MP: 3/3
     2 | D:1      | Learned a level 1 spell: Freeze
     4 | D:1      | Learned a level 1 spell: Sting
   224 | D:1      | Reached XP level 2. HP: 21/21 MP: 5/5
   464 | D:1      | Found a faded altar of an unknown god.
   694 | D:2      | Found a snail-covered altar of Cheibriados.
   790 | D:2      | Reached skill level 1 in Poison Magic
   790 | D:2      | Reached XP level 3. HP: 26/26 MP: 4/6
  1206 | D:2      | Reached XP level 4. HP: 30/32 MP: 0/7
  1750 | D:3      | Noticed a centaur
  1895 | D:2      | Reached skill level 1 in Ranged Weapons
  1972 | D:3      | Killed a centaur
  1973 | D:3      | Reached skill level 1 in Stealth
  1973 | D:3      | Reached skill level 2 in Ice Magic
  1973 | D:3      | Reached XP level 5. HP: 20/37 MP: 0/8
  2214 | D:3      | Learned a level 3 spell: Frozen Ramparts
  2313 | D:3      | Reached skill level 3 in Transmutations
  2313 | D:3      | Reached skill level 2 in Poison Magic
  2313 | D:3      | Reached XP level 6. HP: 30/43 MP: 3/10
  2627 | D:3      | Reached skill level 2 in Ranged Weapons
  3096 | D:4      | Identified a scroll of acquirement
  3098 | D:4      | Acquired the ring of Jemudor {rPois Int+6}
  3426 | D:5      | Entered Level 5 of the Dungeon
  3460 | D:5      | Identified the +2 hammer "Vaunlen" {flame, Str+2}
  3469 | D:5      | Found a runed translucent door.
  3470 | D:5      | Noticed Crazy Yiuf
  3479 | D:5      | Killed Crazy Yiuf
  3480 | D:5      | Reached skill level 1 in Throwing
  3480 | D:5      | Reached skill level 3 in Spellcasting
  3620 | D:5      | Reached XP level 7. HP: 49/49 MP: 7/11
  3694 | D:5      | Slain by an ogre

Vanquished Creatures
  An ogre (D:5)
  A centaur (D:3)
  2 hounds (D:5)
  An orc priest (D:3)
  Crazy Yiuf (D:5)
  An iguana (D:2)
  2 orc wizards (D:3)
  2 adders
  3 worms (D:2)
  2 dart slugs
  3 orcs
  5 ball pythons
  4 endoplasms
  2 giant cockroaches
  5 goblins
  5 hobgoblins
  12 jackals
  12 kobolds
  5 quokkas
  3 frilled lizards
  4 rats
76 creatures vanquished.

Table legend: (Time is in decaauts)
 A = Elapsed time spent in this place.
 B = Non-inter-level travel time spent in this place.
 C = Inter-level travel time spent in this place.
 D = Time resting spent in this place.
 E = Time spent auto-exploring this place.
 F = Levels seen in this place.
 G = Mean time per level.
                   A        B        C        D        E       F      G
               +--------+--------+--------+--------+--------+-----+--------+
         Total |   3749 |   3570 |    179 |    255 |   2643 |   5 |  749.8 |
       Dungeon |   3749 |   3570 |    179 |    255 |   2643 |   5 |  749.8 |
               +--------+--------+--------+--------+--------+-----+--------+

Top non-repeatable levels by time:
     D:2: 1264 daAuts
     D:3: 872 daAuts
     D:1: 696 daAuts
     D:4: 643 daAuts
     D:5: 273 daAuts

Table legend:
 A = Non-vault XP
 B = Vault XP
 C = Vault XP percentage of total XP
 D = Non-vault monster count
 E = Vault monster count
 F = Vault count percentage of total count
                 A         B        C        D         E       F
            +---------+---------+-------+---------+---------+-------
      Total |     624 |      40 |   6.0 |      75 |       1 |   1.3
            +---------+---------+-------+---------+---------+-------
        D:1 |      20 |       0 |   0.0 |      11 |       0 |   0.0
        D:2 |      96 |       0 |   0.0 |      23 |       0 |   0.0
        D:3 |     250 |       0 |   0.0 |      17 |       0 |   0.0
        D:4 |      49 |       0 |   0.0 |      17 |       0 |   0.0
        D:5 |     209 |      40 |  16.1 |       7 |       1 |  12.5
            +---------+---------+-------+---------+---------+-------
